 Dungeon Crawl Stone Soup version 0.29-a0-643-ga013cefcf8 (webtiles) character file.

Game seed: 17090438488139925074

37 zeratav the Sneak (level 3, -6/21 HPs)
             Began as a Kobold Gladiator on June 20, 2022.
             Mangled by a gnoll
             ... wielding a +0 whip
              (7 damage)
             ... on level 2 of the Dungeon.
             The game lasted 00:01:01 (755 turns).

zeratav the Sneak (Kobold Gladiator)                 Turns: 755, Time: 00:01:02

Health: -6/21      AC:  4    Str: 11    XL:     3   Next: 62%
Magic:  3/3        EV: 15    Int:  9    God:
Gold:   84         SH:  0    Dex: 18    Spells: 2/2 levels left

rFire   . . .      SeeInvis +   a - +0 rapier {short}
rCold   . . .      Faith    .   (no shield)
rNeg    . . .      Spirit   .   b - +0 leather armour
rPois   .          Reflect  .   c - +0 helmet
rElec   .          Harm     .   (no cloak)
rCorr   .          Rampage  .   (no gloves)
Will    .....                   (no boots)
Stlth   ++++......              (no amulet)
HPRegen 0.07/turn               i - ring of see invisible
MPRegen 0.08/turn               (no ring)

@: no status effects
A: small, no large weapons, nightstalker 3
a: no special abilities


You were on level 2 of the Dungeon.
You visited 1 branch of the dungeon, and saw 2 of its levels.

You collected 84 gold pieces.


Innate Abilities, Weirdness & Mutations

You are small and have problems with some larger weapons.
You are completely attuned to the shadows.


   Skills:
 - Level 2.1 Fighting
 - Level 4.0 Short Blades
 - Level 2.1 Throwing
 - Level 3.6 Dodging
 + Level 4.4 Stealth


You had 2 spell levels left.
You didn't know any spells.
Your spell library was empty.

Inventory:

Hand Weapons
 a - a +0 rapier (weapon) {short}
Missiles
 d - 4 throwing nets (quivered) {=fthrowing}
 e - 2 boomerangs {throwing}
Armour
 b - a +0 leather armour (worn)
 c - a +0 helmet (worn)
Jewellery
 i - a ring of see invisible (left hand)
   (You took it off a hobgoblin on level 1 of the Dungeon)
Scrolls
 g - a scroll of fear {unknown}
 j - a scroll of immolation {unknown}
Potions
 f - a potion of heal wounds {unknown}
 h - a potion of magic {unknown}

Dungeon Overview and Level Annotations

Branches:
Dungeon (2/15) Zot: 11244

Altars:

#....... ###.....
#####..... #.........
......# #....#'###
......# #.†..#.g..
......# ##....#..g.
......#####'....+....
....@g....##....#....
..........##....#....
###..........####....
#...⌠...#### #....
#......## #....
#......# ########


You could see a gnoll.


Message History

A goblin comes into view. It is wielding a +0 club.
You closely miss the goblin. The goblin misses you.
You puncture the goblin!
You kill the goblin!
No target in view!
No target in view!
No target in view!
No target in view!
No target in view!
No target in view!
No target in view!
No target in view!
You see here a hobgoblin corpse.
There is a shaft here.
Done exploring.
Done exploring.
(D) Dungeon
Where to? (? - help)
There is a shaft here.
There is a stone staircase leading down here.
You climb downwards.
There is a stone staircase leading up here.
You now have 68 gold pieces (gained 4).
You now have 75 gold pieces (gained 7).
There is a fountain of sparkling water here.
You now have 84 gold pieces (gained 9).
An adder comes into view.
An adder is nearby!
The adder hisses angrily.
The adder closely misses you. x2
You miss the adder. The adder barely misses you.
You closely miss the adder. You punch the adder, but do no damage.
The adder completely misses you.
You hit the adder but do no damage. The adder closely misses you.
You puncture the adder! The adder misses you. The adder bites you.
HP[-1]
You take 1 damage, and now have 20/21 hp.
You hit the adder. The adder completely misses you.
You hit the adder but do no damage. The adder completely misses you.
You puncture the adder!
You kill the adder!
HP[+1]
Your hp is fully restored (21).
No target in view!
No target in view!
No target in view!
No target in view!
No target in view!
No target in view!
No target in view!
No target in view!
No target in view!
No target in view!
No target in view!
No target in view!
You open the door.
j - a scroll labelled FAKIST AR FOMUIPH You open the door.
There is an open door here.
A gnoll comes into view. It is wielding a +0 halberd.
Found a stone staircase leading down.
A gnoll is nearby!
A gnoll is nearby!
A gnoll comes into view. It is wielding a +0 whip.
The gnoll shouts!
You hear an angry hiss.
The gnoll shouts!
A frilled lizard comes into view.
A gnoll comes into view. It is wielding a +0 whip.
The gnoll shouts!
You hear a bark!
There is an open door here.
You see here an adder corpse.
The gnoll attacks as you move away! The gnoll closely misses you.
The gnoll attacks as you move away! The gnoll barely misses you.
The gnoll attacks as you move away! The gnoll barely misses you.
The gnoll attacks as you move away! The gnoll hits you with a +0 whip.
HP[-1]
You take 1 damage, and now have 20/21 hp.
HP[+1]
Your hp is fully restored (21).
The gnoll attacks as you move away! The gnoll barely misses you.
There is a stone staircase leading up here.
You barely miss the gnoll. The gnoll hits you with a +0 whip.
HP[-5]
You take 5 damage, and now have 16/21 hp.
MASSIVE DAMAGE!! (PAUSE)
You barely miss the gnoll. The gnoll hits you with a +0 whip.
HP[-3]
You take 3 damage, and now have 13/21 hp.
You completely miss the gnoll. Your punch misses the gnoll.
The gnoll hits you with a +0 whip.
* * * LOW HITPOINT WARNING * * *
HP[-6]
You take 6 damage, and now have 7/21 hp.
MASSIVE DAMAGE!! (PAUSE)
You hit the gnoll. The gnoll hits you with a +0 whip.
* * * LOW HITPOINT WARNING * * *
HP[-6]
You take 6 damage, and now have 1/21 hp.
MASSIVE DAMAGE!! (PAUSE)
You hit the gnoll but do no damage. The gnoll hits you with a +0 whip!
You die...

Skill      XL: |  1  2  3 |
---------------+----------+-----
Stealth        | 2 3 4 |  4.4
Fighting       | |  2.1
Short Blades   | |  4.0
Throwing       | |  2.1
Dodging        | |  3.6

Action                   || total
-------------------------++-------
Melee: Rapier            ||    65
       Punch             ||     2
 Stab: Sleeping          ||     6
Armor: Leather armour    ||    13
Dodge: Dodged            ||    46

Levels and vault maps discovered:
D:1:      dpeg_arrival_pond, layout_rooms, basic_ecumenical_altar
D:2:      layout_basic, dreamdust_wishing_well, grunt_ministairs_1

Notes
Turn   | Place    | Note
-------+----------+-------------------------------------------
     0 | D:1      | zeratav the Kobold Gladiator began the quest for the Orb.
     0 | D:1      | Reached XP level 1. HP: 12/12 MP: 1/1
     0 | D:1      | magus.rc [v1.9.6]
    57 | D:1      | Reached skill level 1 in Stealth
    82 | D:1      | Reached skill level 2 in Stealth
    89 | D:1      | Reached XP level 2. HP: 17/17 MP: 2/2
   116 | D:1      | Reached skill level 3 in Stealth
   354 | D:1      | Found a faded altar of an unknown god.
   439 | D:1      | Reached XP level 3. HP: 21/21 MP: 3/3
   509 | D:1      | Reached skill level 4 in Stealth
   754 | D:2      | HP: 1/21 [gnoll/+0 whip (6)]
   755 | D:2      | Mangled by a gnoll

Vanquished Creatures
  An adder (D:2)
  A dart slug (D:1)
  2 endoplasms (D:1)
  A giant cockroach (D:1)
  4 goblins (D:1)
  4 hobgoblins (D:1)
  3 jackals (D:1)
  2 kobolds (D:1)
  3 frilled lizards (D:1)
  3 rats (D:1)
24 creatures vanquished.

Table legend:
 A = Non-vault XP
 B = Vault XP
 C = Vault XP percentage of total XP
 D = Non-vault monster count
 E = Vault monster count
 F = Vault count percentage of total count
                 A         B        C        D         E       F
            +---------+---------+-------+---------+---------+-------
      Total |      52 |       2 |   3.7 |      23 |       1 |   4.2
            +---------+---------+-------+---------+---------+-------
        D:1 |      39 |       2 |   4.9 |      22 |       1 |   4.3
        D:2 |      13 |       0 |   0.0 |       1 |       0 |   0.0
            +---------+---------+-------+---------+---------+-------

Illustrated notes

Table legend:
 A = Kills in this place as a percentage of kills in entire the game.
 B = Kills by you in this place as a percentage of kills by you in the entire game.
 C = Kills by friends in this place as a percentage of kills by friends in the entire game.
 D = Other kills in this place as a percentage of other kills in the entire game.
 E = Experience gained in this place as a percentage of experience gained in the entire game.
 F = Experience gained in this place divided by the number of levels of this place that you have seen.
                   A       B       C       D       E      F
               +-------+-------+-------+-------+-------+----------------------
         Total | 100.0 | 100.0 |   N/A |   N/A | 100.0 |  27.0
       Dungeon | 100.0 | 100.0 |   N/A |   N/A | 100.0 |  27.0
               +-------+-------+-------+-------+-------+----------------------

Table legend: (Time is in decaauts)
 A = Elapsed time spent in this place.
 B = Non-inter-level travel time spent in this place.
 C = Inter-level travel time spent in this place.
 D = Time resting spent in this place.
 E = Time spent auto-exploring this place.
 F = Levels seen in this place.
 G = Mean time per level.
                   A        B        C        D        E       F      G
               +--------+--------+--------+--------+--------+-----+--------+
         Total |    754 |    721 |     33 |    142 |    426 |   2 |  377.0 |
       Dungeon |    754 |    721 |     33 |    142 |    426 |   2 |  377.0 |
               +--------+--------+--------+--------+--------+-----+--------+

Top non-repeatable levels by time:
     D:1: 680 daAuts
     D:2: 73 daAuts
